 Dungeon Crawl Stone Soup version 0.19-a0-276-g3ff07cd (webtiles) character file.

576 Ordine the Changer (level 7, 0/64 HPs)
             Began as an Octopode Transmuter on May 26, 2016.
             Succumbed to an orc's poison
             ... in the Ecumenical Temple.
             The game lasted 00:18:09 (4629 turns).

Ordine the Changer (Octopode Transmuter)            Turns: 4629, Time: 00:18:10

Health: 0/64       AC: 23    Str:  9    XL:     7   Next: 35%
Magic:  9/10       EV:  2    Int: 23    God:
Gold:   189        SH:  0    Dex: 12    Spells: 2 memorised, 6 levels left

rFire  + . .     SeeInvis .       - Unarmed
rCold  + . .     Gourm    .     (no shield)
rNeg   + + +     Faith    .     (helmet currently unavailable)
rPois  +         Spirit   .     (no amulet)
rElec  +         Dismiss  .     (no ring)
rCorr  +         Reflect  .     (no ring)
SustAt .         Harm     .     (no ring)
MR     .....     NoTele   +     (no ring)
Stlth  +.........               (no ring)
                                (no ring)
                                (no ring)
                                (no ring)

@: confused, brilliant, lethally poisoned (0 -> -2), exhausted, tree-form,
resistant, very slightly contaminated, slowed, invisible, very slow, not
resistant to hostile enchantments, very unstealthy
A: almost no armour, (amphibious), 8 rings, (constrict 8), (camouflage 0),
(gelatinous body 0)
a: no special abilities


You were in the Ecumenical Temple.
You were very hungry.
You were a tree.
You visited 2 branches of the dungeon, and saw 6 of its levels.

You collected 189 gold pieces.

Inventory:

Missiles
 h - 125 stones (quivered)
Armour
 m - a +2 large shield
Scrolls
 l - 2 scrolls of identify
 o - 2 scrolls of enchant weapon
 r - a scroll of noise {unknown}
Potions
 k - 3 potions of cancellation
 n - a potion of agility
Books
 b - a book of Changes

   Spells                             Type                      Level
   a - Beastly Appendage              Transmutation                1
   b - Sticks to Snakes               Transmutation                2
   c - Spider Form                    Transmutation/Poison         3
   d - Ice Form                       Ice/Transmutation            4
   e - Blade Hands                    Transmutation                5
Comestibles
 a - a meat ration
 c - 2 bread rations
 g - 2 slices of pizza
 s - a beef jerky


   Skills:
 - Level 1.0 Fighting
 - Level 2.0 Dodging
 + Level 5.3 Unarmed Combat
 - Level 2.0 Spellcasting
 * Level 6.5 Transmutations


You had 6 spell levels left.
You knew the following spells:

 Your Spells              Type           Power        Failure   Level  Hunger
a - Beastly Appendage     Tmut           #####.       1%          1    #......
b - Spider Form           Tmut/Pois      ####......   1%          3    ###....


Dungeon Overview and Level Annotations

Branches:
Dungeon (5/15)             Temple (1/1) D:5

Altars:
Fedhas
Nemelex Xobeh
Okawaru
Pakellas


Innate Abilities, Weirdness & Mutations

You cannot wear most types of armour.
((You are amphibious.))
You can wear up to eight rings at the same time.
((You can use your tentacles to constrict eight enemies at once.))
((Your skin changes colour to match your surroundings (Stealth+).))
((Your rubbery body absorbs attacks. (AC +1)))


Message History

You swing at nothing.
* * * LOW HITPOINT WARNING * * *
You feel sick. Something completely misses you.
You swing at nothing.
* * * LOW HITPOINT WARNING * * *
You feel sick. Something hits you but does no damage.
You hear some strange, mumbled words.
Something tries to affect you, but you resist.
You swing at nothing.
Something hits you but does no damage.
You swing at nothing.
* * * LOW HITPOINT WARNING * * *
You feel sick. Something hits you but does no damage.
You cannot move.
You cannot move.
There is a lethal amount of poison in your body!
You swing at nothing.
Something hits you but does no damage.
You hear some strange, mumbled words.
You are confused.
You swing at nothing.
You die...

# #
###.#######.###
...............
.......♣)......
.......<.......
...............
...............
###.#######.###
#. .# # #


There were no monsters in sight!

Vanquished Creatures
  A phantom (D:4)
  A howler monkey (D:4)
  3 orc priests
  2 hounds (D:4)
  2 orc wizards
  4 worker ants
  3 adders
  A howler monkey skeleton (D:5)
  An ooze (D:2)
  An adder zombie (D:5)
  7 worms
  A dart slug (D:2)
  4 giant geckos
  14 orcs
  2 ball pythons (D:2)
  7 bats
  3 giant cockroaches
  5 goblins
  7 hobgoblins
  4 jackals (D:3)
  7 kobolds
  A quokka (D:3)
  A ball python skeleton (D:4)
  5 giant newts
  A quokka skeleton (D:4)
  7 rats
95 creatures vanquished.

Notes
Turn   | Place    | Note
--------------------------------------------------------------
     0 | D:1      | Ordine the Octopode Transmuter began the quest for the Orb.
     0 | D:1      | Reached XP level 1. HP: 13/13 MP: 3/3
   346 | D:1      | Reached XP level 2. HP: 13/18 MP: 3/5
   804 | D:1      | Reached skill level 3 in Transmutations
   804 | D:1      | Reached XP level 3. HP: 16/23 MP: 6/6
   906 | D:1      | Learned a level 3 spell: Spider Form
  1772 | D:2      | Reached XP level 4. HP: 25/28 MP: 7/7
  1809 | D:2      | Found a blossoming altar of Fedhas.
  2280 | D:3      | Reached skill level 4 in Transmutations
  2285 | D:3      | Reached XP level 5. HP: 27/33 MP: 4/8
  2395 | D:3      | Found an iron altar of Okawaru.
  2744 | D:3      | Found a sparkling altar of Nemelex Xobeh.
  2849 | D:4      | Reached skill level 5 in Transmutations
  2899 | D:4      | Found an oddly glowing altar of Pakellas.
  2954 | D:4      | Reached XP level 6. HP: 36/38 MP: 5/9
  3330 | D:4      | Noticed a phantom
  3362 | D:4      | Killed a phantom
  3577 | D:4      | Reached skill level 5 in Unarmed Combat
  3577 | D:4      | Reached skill level 6 in Transmutations
  3663 | D:4      | Reached XP level 7. HP: 40/43 MP: 10/10
  3731 | D:5      | Entered Level 5 of the Dungeon
  4588 | D:5      | Found a staircase to the Ecumenical Temple.
  4609 | Temple   | Entered the Ecumenical Temple
  4623 | Temple   | HP: 3/64 [poisoned by an orc]
  4625 | Temple   | HP: 1/64 [poisoned by an orc]
  4629 | Temple   | Succumbed to an orc's poison

Vault maps used:
D:1:      nicolae_arrival_memento_mori
D:2:      kennysheep_decorative_pillar, fedhas_altar_2
D:3:      nemelex_deck, overflow_temple_1_default, minmay_stone_trees_medium
D:4:      nicolae_overflow_crystal_walls, first_bread
D:5:      bloody_trog, minmay_temple_entry_glass
Temple:   chambers_temple_12

Skill      XL: |  1  2  3  4  5  6 |
---------------+-------------------+-----
Transmutations | 3 4 5 6 |  6.5
Unarmed Combat | 4 5 |  5.3
Fighting       | |  1.0
Dodging        | |  2.0
Spellcasting   | |  2.0

Action                   |  1- 3 |  4- 6 |  7- 9 || total
-------------------------+-------+-------+-------++-------
Melee: Unarmed           |    97 |   125 |    45 ||   267
       Constrict         |    25 |    13 |    10 ||    48
       Tentacles         |    15 |    12 |     4 ||    31
       Punch             |     3 |       |     3 ||     6
       Kick              |     3 |     5 |       ||     8
Throw: Stone             |       |       |     1 ||     1
 Cast: Beastly Appendage |     3 |     3 |       ||     6
       Spider Form       |     1 |    11 |     3 ||    15
  Use: Scroll            |     5 |     3 |       ||     8
       Potion            |       |       |    10 ||    10
 Stab: Sleeping          |     5 |     4 |       ||     9
       Distracted        |     1 |       |       ||     1
  Eat: Chunk             |     3 |     8 |     3 ||    14
Armor: Skin              |     4 |     5 |    13 ||    22
Dodge: Dodged            |    48 |    72 |    37 ||   157
